AoeStats
← nanakusa

Arena

506919043Analyzed
4v4 RM · 17d ago on Sep 15, 2026· 61m 0s· 8 players
Game mode
Random Map
Map size
Large (8 player)
Population
200
Speed
Normal
Resources
Standard
Victory
Conquest
Starting age
Dark Age
Ending age
Imperial Age
RankedLock teamsTeams togetherTeam positionsShared explorationLock speedFull tech treeHidden civsTurbo modeCheats
Victory
Defeat
🇪🇸 Mongols · Spain
1630
+12
🇪🇸 Tatars · Spain
1570
+15
🇪🇸 Britons · Spain
1543
+16
🇪🇸 Magyars · Spain
1529
+18
🇯🇵 Bulgarians · Japan
1562
-16
🇬🇪 Burmese · Georgia
1560
-16
🇻🇳 Ethiopians · Vietnam
1539
-15
🇸🇮 Persians · Slovenia
1523
-14
This is Kawaii
10:08 Feudal Age
10:13 Loom
14:04 Castle Age
13:17 Double-Bit Axe
25:12 Horse Collar
Mr. Weedman
10:28 Feudal Age
14:04 Castle Age
12:15 Double-Bit Axe
12:16 Horse Collar
17:55 Loom
18:31 Bow Saw
20:36 Wheelbarrow
21:43 Heavy Plow
24:00 Hand Cart
23:50 Gold Mining
27:46 Imperial Age
26:30 Scale Barding Armor
26:35 Forging
27:03 Gold Shaft Mining
27:07 Husbandry
27:17 Bloodlines
27:56 Chain Barding Armor
28:12 Iron Casting
27:24 Cavalier
29:30 Two-Man Saw
28:05 Light Cavalry
29:28 Plate Barding Armor
29:59 Blast Furnace
30:16 Chemistry
30:01 Savar
34:59 Heavy Camel Rider
38:09 Ballistics
39:20 Elite War Elephant
45:16 Caravan
46:39 Crossbowman
47:25 Thumb Ring
47:26 Padded Archer Armor
48:06 Elite Skirmisher
49:12 Hussar
50:02 Fletching
50:34 Bodkin Arrow
50:54 Leather Archer Armor
52:59 Leather Archer Armor
54:24 Citadels
56:20 Conscription
56:41 Kamandaran
nanakusa
11:10 Feudal Age
12:37 Wheelbarrow
15:27 Castle Age
13:32 Horse Collar
14:16 Double-Bit Axe
15:17 Scale Barding Armor
23:08 Stone Mining
23:32 Bow Saw
23:56 Heavy Plow
24:59 Loom
26:15 Gold Mining
29:33 Hand Cart
30:13 Gold Shaft Mining
32:43 Imperial Age
30:51 Bloodlines
30:42 Husbandry
31:43 Stone Shaft Mining
31:38 Fletching
[TMG] purple
10:29 Feudal Age
11:52 Horse Collar
14:40 Castle Age
15:55 Heavy Plow
19:39 Stone Mining
20:47 Wheelbarrow
21:55 Hand Cart
26:49 Imperial Age
24:06 Loom
24:56 Gold Mining
28:49 Chemistry
28:09 Ballistics
28:31 Scale Barding Armor
28:37 Forging
29:39 Conscription
29:23 Manipur Cavalry
32:01 Bloodlines
31:51 Husbandry
32:17 Chain Barding Armor
32:00 Elite Arambai
35:53 Gold Shaft Mining
41:51 Coinage
41:22 Caravan
52:02 Banking
CQ.TurpiAcho
11:05 Feudal Age
14:51 Castle Age
12:48 Double-Bit Axe
14:59 Horse Collar
19:55 Bow Saw
21:56 Wheelbarrow
21:59 Gold Mining
24:01 Gold Shaft Mining
24:21 Heavy Plow
24:23 Loom
26:52 Hand Cart
29:38 Imperial Age
27:26 Bloodlines
27:17 Husbandry
28:00 Scale Barding Armor
30:01 Chain Barding Armor
30:09 Cavalier
31:30 Plate Barding Armor
32:34 Fletching
32:28 Paladin
34:03 Conscription
34:47 Chemistry
33:53 Siege Engineers
40:14 Light Cavalry
41:55 Hussar
51:25 Ballistics
53:51 Two-Man Saw
52:51 Heavy Cavalry Archer
54:13 Parthian Tactics
53:58 Thumb Ring
54:17 Bodkin Arrow
54:22 Padded Archer Armor
54:46 Recurve Bow
55:14 Bracer
56:49 Caravan
58:18 Masonry
DK_Nightclaim
6:31 Loom
8:49 Feudal Age
9:27 Double-Bit Axe
9:53 Horse Collar
19:51 Castle Age
19:17 Gold Mining
20:51 Bow Saw
22:43 Wheelbarrow
23:16 Husbandry
23:31 Bloodlines
24:18 Scale Barding Armor
32:12 Chain Barding Armor
32:03 Forging
32:37 Husbandry
34:13 Hand Cart
37:15 Imperial Age
35:57 Iron Casting
36:01 Heavy Plow
37:18 Town Watch
38:33 Plate Barding Armor
37:21 Heavy Camel Rider
39:46 Gold Shaft Mining
42:51 Coinage
43:09 Fletching
43:20 Padded Archer Armor
45:48 Blast Furnace
46:03 Bodkin Arrow
46:24 Leather Archer Armor
48:09 Bracer
48:19 Heavy Cavalry Archer
49:23 Ballistics
50:19 Ring Archer Armor
49:52 Light Cavalry
52:21 Caravan
54:49 Chemistry
54:34 Hussar
59:21 Silk Armor
59:43 Conscription
DS_Maulet
9:40 Feudal Age
13:43 Castle Age
11:54 Double-Bit Axe
11:58 Horse Collar
16:07 Bow Saw
16:29 Heavy Plow
21:42 Wheelbarrow
21:45 Stone Mining
23:02 Gold Mining
24:24 Hand Cart
25:51 Stone Shaft Mining
28:08 Imperial Age
26:09 Ballistics
25:40 Fletching
26:31 Bodkin Arrow
26:36 Padded Archer Armor
26:53 Loom
28:13 Leather Archer Armor
28:28 Bloodlines
28:18 Husbandry
29:02 Bracer
30:05 Chemistry
29:29 Conscription
29:22 Thumb Ring
pau795
10:30 Feudal Age
11:40 Double-Bit Axe
14:07 Castle Age
12:28 Horse Collar
15:04 Bow Saw
23:06 Wheelbarrow
27:21 Imperial Age
24:59 Loom
25:08 Fletching
25:10 Gold Mining
26:05 Bodkin Arrow
26:49 Scale Mail Armor
27:18 Padded Archer Armor
27:39 Ballistics
28:23 Bracer
29:57 Chemistry
29:29 Hand Cart
29:16 Heavy Plow
29:51 Gold Shaft Mining
29:41 Conscription
30:06 Elite Longbowman
33:30 Chain Mail Armor
32:37 Pikeman
33:40 Halberdier
34:30 Squires
35:02 Plate Mail Armor
35:58 Leather Archer Armor
35:54 Forging
35:30 Arson
37:15 Ring Archer Armor
38:11 Iron Casting
42:10 Blast Furnace
42:58 Coinage
48:18 Yeomen
48:21 Masonry
50:21 Siege Engineers
50:47 Architecture
50:19 Warwolf
61:44 Two-Man Saw
Connection lost

Rejoining the realm…

Still unreachable

The connection could not be restored.

Session expired

The server has moved on; the page needs a fresh start.